 Dungeon Crawl Stone Soup version 0.18-a0-674-g00855b9 (webtiles) character file.

3594 xeno23 the Martial Artist (level 10, -21/71 HPs)
             Began as a Human Monk on Dec 6, 2015.
             Was a Follower of Ru.
             Killed from afar by Erolcha (29 damage)
             ... with a wand of lightning
             ... on level 8 of the Dungeon.
             The game lasted 00:29:05 (6731 turns).

xeno23 the Martial Artist (Human Monk)              Turns: 6731, Time: 00:29:05

Health: -21/71     AC:  7    Str: 15    XL:     10   Next: 31%
Magic:  20/20      EV: 15    Int: 10    God:    Ru [*.....]
Gold:   336        SH:  0    Dex: 16    Spells: 0 memorised, 9 levels left

rFire  . . .     SeeInvis .     f - +0 blowgun
rCold  . . .     Clarity  .     e - +0 ring mail
rNeg   . . .     SustAt   .     (no shield)
rPois  .         Gourm    .     d - +1 hat
rElec  .         Spirit   .     A - -1 cloak
rCorr  .         Dismiss  .     u - +0 pair of gloves
rMut   .         Stasis   +     (no boots)
MR     .....                    w - amulet of stasis
Stlth  ++........               (no ring)
                                B - ring of magical power

@: not resistant to hostile enchantments, unstealthy
A: blurry vision 1, frail 1, regeneration 1, missing an eye
a: Renounce Religion


You were on level 8 of the Dungeon.
You worshipped Ru.
Ru was aware of your devotion.
You were not hungry.

You visited 2 branches of the dungeon, and saw 9 of its levels.
You also visited: Sewer.

You collected 336 gold pieces.

Inventory:

Hand Weapons
 f - a +0 blowgun (weapon)
Missiles
 c - 7 curare-tipped needles (quivered)
 i - 66 sling bullets
 k - 14 poisoned needles
Armour
 d - a +1 hat (worn)
 e - a +0 ring mail (worn)
 n - a +0 chain mail
 u - a +0 pair of gloves (worn)
 A - a -1 cloak (worn)
Jewellery
 s - an uncursed ring of ice
 w - an amulet of stasis (around neck)
 B - a ring of magical power (left hand)
Wands
 y - a wand of slowing (22)
 D - a wand of teleportation (4)
 F - a wand of teleportation (3)
Scrolls
 h - a scroll of enchant weapon
 j - 2 scrolls of recharging
 l - 4 scrolls of teleportation
 m - a scroll of blinking
 o - 2 scrolls of fog
 p - 2 scrolls of magic mapping
 r - 3 scrolls of remove curse
 G - a scroll of amnesia
 J - a scroll of acquirement {unknown}
Potions
 a - 3 potions of curing
 g - a potion of resistance
 t - 2 potions of ambrosia
 v - a potion of brilliance
 x - a potion of agility
 z - a potion of lignification
 E - a potion of berserk rage
Books
 C - a book of the Sky

   Spells                             Type                      Level
   a - Summon Lightning Spire         Summoning/Air                4
   b - Airstrike                      Air                          4
   c - Silence                        Hexes/Air                    5
   d - Deflect Missiles               Charms/Air                   6
   e - Conjure Ball Lightning         Conjuration/Air              6
   f - Tornado                        Air                          9
Comestibles
 b - 6 bread rations
 q - 5 meat rations
 H - 5 chunks of flesh
 I - 2 beef jerkies
 K - 9 slices of pizza


   Skills:
 + Level 7.4 Fighting
 + Level 7.3 Dodging
 + Level 3.2 Stealth
 * Level 10.5 Unarmed Combat
 + Level 2.4 Evocations


You had 9 spell levels left.
You didn't know any spells.

Dungeon Overview and Level Annotations

Branches:
Dungeon (8/15)             Temple (1/1) D:5
   Lair: D:8-11

Altars:
Ashenzari
Cheibriados
Dithmenos
Elyvilon
Fedhas
Gozag
Kikubaaqudgha
Makhleb
Nemelex Xobeh
Okawaru
Pakellas
Qazlal
Ru
Sif Muna
Trog
Vehumet
Xom
Yredelemnul
Zin
The Shining One

Annotations:
D:8 Erolcha


Innate Abilities, Weirdness & Mutations

You are missing an eye, making it more difficult to aim.
Scrolls take you a little longer to read.
You are frail (-10% HP).
Your natural rate of healing is unusually fast.


Message History

The poisoned needle closely misses Erolcha.
Erolcha zaps a wand.
The bolt of lightning hits the gnoll.
The gnoll dies!
The bolt of lightning hits you!
You take 29 damage.
Wield which item (- for none, * to show all)? (? for menu, Esc to quit)
Okay, then.
Quiver which item? (- for none, * to show all) (? for menu, Esc to quit)
Quivering
c - 8 curare-tipped needles for blowguns.
Firing (i - inventory. (,) - cycle):
c - 8 curare-tipped needles (quivered)
Press: ? - help, Shift-Dir - straight line, f - Erolcha
Aim: Erolcha, wielding an enchanted giant club, wearing a robe and carrying a wand of lightning {zapped: 5} You shoot a curare-tipped needle.
The curare-tipped needle hits Erolcha.
Erolcha is poisoned.
Erolcha convulses.
Erolcha seems to slow down.
Erolcha is lightly wounded.
Erolcha zaps a wand.
The bolt of lightning hits you!
* * * LOW HITPOINT WARNING * * *
You take 23 damage.
Erolcha zaps a wand.
The bolt of lightning hits you!
You die...

. ..# ####.... # #.#.###
#....... ##.##.#.#<# #.##.#.>
.....O!..รท# #.##.#.#
#####.#.#.######.##.#.#
.................##.#.#
#####.#.#.######.##.#.#####..
........(O...)....)..........
####..#...######@##.#.###.#.#
.()...#.)...............#.#.#
####..##..######.##.#.###.#.#
..........# #.##.#.# #.#.#
####..##..# #.####.###.#.####.
#..##..... ...................
#..##..###############.#.#####
#..##..# #<)...... #.###..#
#.#.#####


You could see Erolcha.

Vanquished Creatures
  Grinder (D:4)
  A hungry ghost (D:7)
  Eustachio (D:4)
  A hippogriff (D:7)
  A hog (D:7)
  A human (D:7)
  A water moccasin (D:8)
  A necrophage (D:5)
  The ghost of Hedron the Chucker, an amateur OgHu (D:3)
  3 sky beasts
  4 ogres
  8 big kobolds (Sewer)
  3 scorpions
  3 crimson imps
  2 giant frog skeletons
  2 centaur skeletons
  A hound (D:4)
  A jelly (D:4)
  An orc wizard (D:5)
  2 centaur zombies
  2 hell rats (D:7)
  3 sheep (D:7)
  7 worker ants
  11 gnolls
  13 adders
  8 river rats
  A shadow imp (D:5)
  5 oozes
  An adder skeleton (D:6)
  3 worms
  12 orcs
  5 bats
  10 giant cockroaches
  7 hobgoblins
  6 jackals
  13 kobolds
  6 giant geckos
  10 giant newts
  5 goblins
  A jackal skeleton (D:4)
  3 quokkas
  A quokka skeleton (D:4)
  33 rats
205 creatures vanquished.

Vanquished Creatures (others)
  An adder (D:8)
  A gnoll (D:8)
2 creatures vanquished.

Grand Total: 207 creatures vanquished

Notes
Turn   | Place    | Note
--------------------------------------------------------------
     0 | D:1      | xeno23 the Human Monk began the quest for the Orb.
     0 | D:1      | Reached XP level 1. HP: 18/18 MP: 1/1
    84 | D:1      | Reached XP level 2. HP: 24/24 MP: 2/2
   358 | D:1      | Reached XP level 3. HP: 20/29 MP: 3/3
   911 | D:2      | HP: 1/29 [poisoned by an adder]
   914 | D:2      | Reached XP level 4. HP: 10/35 MP: 4/4
  1196 | D:3      | Gained mutation: Scrolls take you a little longer to read. [potion of mutation]
  1196 | D:3      | Gained mutation: Your natural rate of healing is unusually fast. [potion of mutation]
  1196 | D:3      | Gained mutation: You are frail (-10% HP). [potion of mutation]
  1263 | D:3      | Found a glowing golden altar of the Shining One.
  1301 | D:3      | Reached skill level 5 in Unarmed Combat
  1311 | D:3      | Found a glowing drain.
  1311 | D:3      | You fall through a shaft for 3 floors!
  1329 | D:6      | Noticed an ogre
  1344 | D:5      | Entered Level 5 of the Dungeon
  1429 | D:4      | Reached XP level 5. HP: 20/37 MP: 5/5
  1558 | D:4      | Noticed Eustachio
  1660 | D:3      | Found a stormy altar of Qazlal.
  1720 | Sewer    | Entered a sewer
  1766 | Sewer    | Reached XP level 6. HP: 43/43 MP: 6/6
  1807 | Sewer    | Reached skill level 6 in Unarmed Combat
  1852 | Sewer    | Reached XP level 7. HP: 38/49 MP: 7/7
  1926 | Sewer    | Reached skill level 7 in Unarmed Combat
  1981 | Sewer    | Reached skill level 5 in Fighting
  1981 | Sewer    | Reached XP level 8. HP: 24/55 MP: 8/8
  2001 | Sewer    | Reached skill level 5 in Dodging
  2642 | D:3      | Noticed Hedron's ghost (amateur OgHu)
  2673 | D:3      | Killed Hedron's ghost
  3081 | D:4      | Noticed Grinder
  3167 | D:4      | Killed Eustachio
  3167 | D:4      | Reached skill level 8 in Unarmed Combat
  3212 | D:4      | Killed Grinder
  3320 | D:4      | Reached XP level 9. HP: 62/62 MP: 9/9
  4026 | D:5      | Reached skill level 9 in Unarmed Combat
  4266 | D:5      | You fall through a shaft for 3 floors!
  4351 | D:8      | Noticed Erolcha
  4823 | D:6      | Found a bloodstained altar of Trog.
  5267 | D:5      | Found a staircase to the Ecumenical Temple.
  5276 | Temple   | Entered the Ecumenical Temple
  5339 | Temple   | Became a worshipper of Ru the Awakened
  5389 | D:5      | Gained mutation: You are missing an eye, making it more difficult to aim. [Ru sacrifice]
  5389 | D:5      | Reached * piety under Ru
  5599 | D:7      | Reached skill level 10 in Unarmed Combat
  5920 | D:7      | Reached skill level 1 in Evocations
  5920 | D:7      | Reached XP level 10. HP: 71/71 MP: 10/10
  6731 | D:8      | Killed from afar by Erolcha

Vault maps used:
D:1:      dpeg_arrival_tiny_c
D:2:      first_bread
D:3:      overflow_temple_1_default, portal_sewer_entry_f,
          grunt_decor_resistance, tso_metal_star
D:4:      uniq_grinder, uniq_eustachio
D:5:      minmay_temple_entry_crystal_x
D:6:      lemuel_doored_altar
D:7:      lemuel_ratsnest, grunt_livestock, nrook_loot_triangle,
          grunt_ministairs_11
D:8:      tgw_xom, uniq_maurice, uniq_erolcha, uniq_erica
Temple:   grunt_circular_temple_18
Sewer:    sewer_co_tree

Action                   |  1- 3 |  4- 6 |  7- 9 | 10-12 || total
-------------------------+-------+-------+-------+-------++-------
Melee: Unarmed           |   150 |   185 |   468 |   159 ||   962
 Fire: Blowgun           |       |       |    19 |     6 ||    25
Invok: Sacrifice an Eye  |       |       |     1 |       ||     1
  Use: Potion            |     3 |     1 |     1 |       ||     5
       Scroll            |       |    11 |    11 |     1 ||    23
 Stab: Sleeping          |     6 |     1 |     5 |     1 ||    13
  Eat: Chunk             |       |     3 |    14 |       ||    17
       Meat ration       |       |       |     1 |     1 ||     2
       Pizza             |       |       |     1 |       ||     1
